 Dungeon Crawl Stone Soup version 0.25.1-2-g60ff931df9 (webtiles) character file.

Game seed: 6555109256516881097

50676 Impeuri the Slicer (level 14, -3/70 HPs)
             Began as a Vine Stalker Assassin on Aug 19, 2020.
             Was a Follower of Uskayaw.
             Slain by a dire elephant (18 damage)
             ... on level 6 of the Lair of Beasts.
             The game lasted 01:07:28 (17387 turns).

Impeuri the Slicer (Vine Stalker Assassin)         Turns: 17387, Time: 01:07:29

Health: -3/70      AC: 16    Str: 16    XL:     14   Next: 56%
Magic:  0/31       EV: 21    Int: 11    God:    Uskayaw [*.....]
Gold:   1069       SH:  9    Dex: 22    Spells: 15/23 levels left

rFire    . . .     SeeInvis .   a - +8 short sword (venom)
rCold    . . .     Gourm    .   r - +3 buckler {AC+3}
rNeg     . . .     Faith    .   I - +2 leather armour of Dramatic Exits {Dex+3 Slay+3}
rPois    .         Spirit   +   i - +2 helmet
rElec    .         Reflect  .   Q - +2 cloak {rCorr}
rCorr    +         Harm     .   (no gloves)
MR       +....                  h - +0 pair of boots
Stlth    +++.......             O - amulet of regeneration
HPRegen  1.41/turn              C - +4 ring of evasion
MPRegen  0.22/turn              D - ring of magical power

@: very slow
A: fangs 3, rugged brown scales 1, regeneration 2, magic shield, antimagic bite,
no potion heal 3, rot immunity, MP-powered wands
a: Stomp, Renounce Religion


You were on level 6 of the Lair of Beasts.
You worshipped Uskayaw.
Uskayaw was aware of your devotion.
You were hungry.

You visited 3 branches of the dungeon, and saw 19 of its levels.
You also visited: Bailey and Ice Cave.

You collected 1339 gold pieces.
You spent 270 gold pieces at shops.

Inventory:

Hand Weapons
 a - a +8 short sword of venom (weapon)
 b - a +5 short sword of venom
Missiles
 d - 62 poisoned darts (quivered)
 e - 4 curare-tipped darts
 m - 6 atropa-tipped darts
 w - 2 throwing nets
 G - 59 boomerangs
Armour
 h - a +0 pair of boots (worn)
 i - a +2 helmet (worn)
 r - a +3 buckler of protection (worn)
 I - the +2 leather armour of Dramatic Exits (worn) {Dex+3 Slay+3}
   (You found it on level 7 of the Dungeon)

   It affects your dexterity (+3).
   It affects your accuracy and damage with ranged weapons and melee attacks
   (+3).
 Q - a +2 cloak of preservation (worn)
Jewellery
 c - an uncursed ring of fire
 j - an uncursed ring of protection from fire
 n - a cursed ring of protection from magic
 v - an uncursed ring of protection from magic
 C - a +4 ring of evasion (left hand)
 D - a ring of magical power (right hand)
 O - an amulet of regeneration (around neck)
Wands
 g - a wand of random effects (14)
 u - a wand of polymorph (5)
 y - a wand of disintegration (11)
 A - a wand of digging (3)
 F - a wand of enslavement (6)
 K - a wand of flame (22)
 N - a wand of paralysis (9)
 S - a wand of acid (5)
Scrolls
 o - 10 scrolls of identify
 p - a scroll of fear
 q - 3 scrolls of amnesia
 s - 2 scrolls of blinking
 B - a scroll of teleportation
 E - 2 scrolls of enchant armour
 M - 7 scrolls of remove curse
 T - 2 scrolls of fog
 V - a scroll of silence {unknown}
Potions
 k - a potion of magic
 l - 5 potions of might
 t - 7 potions of curing
 x - a potion of flight
 z - 6 potions of stabbing
 H - 2 potions of berserk rage
 J - a potion of brilliance
 L - a potion of invisibility
 P - 4 potions of haste
 R - 2 potions of cancellation
Comestibles
 f - 32 rations
 U - 13 chunks of flesh


   Skills:
 + Level 5.5 Fighting
 - Level 12.0 Short Blades
 - Level 8.2 Throwing
 + Level 1.6 Armour
 + Level 6.5 Dodging
 + Level 10.4 Stealth
 - Level 4.0 Shields
 - Level 5.0 Spellcasting
 + Level 4.1 Hexes
 - Level 5.2 Charms
 - Level 5.1 Translocations
 - Level 5.2 Ice Magic
 + Level 9.7 Invocations
 + Level 1.6 Evocations


You had 15 spell levels left.
You knew the following spells:

 Your Spells              Type           Power        Failure   Level  Hunger
a - Blink                 Tloc           N/A          4%          2    ##.....
b - Confusing Touch       Hex            ##......     14%         3    ###....
c - Ozocubu's Armour      Chrm/Ice       ##......     9%          3    ###....

Your spell library contained the following spells:

 Spells                   Type           Power        Failure   Level  Hunger
 Apportation              Tloc           ##....       3%          1    None
 Freeze                   Ice            ##..         3%          1    None
 Corona                   Hex            ##.....      4%          1    None
 Slow                     Hex            ##......     8%          2    ##.....
 Frozen Ramparts          Ice            ##....       9%          3    ###....
 Gell's Gravitas          Tloc           ##........   10%         3    ###....
 Portal Projectile        Hex/Tloc       ##....       12%         3    ###....
 Animate Skeleton         Necr           N/A          26%         1    None
 Magic Dart               Conj           #...         26%         1    None
 Summon Small Mammal      Summ           #...         26%         1    None
 Inner Flame              Hex/Fire       #.......     34%         3    ###....
 Call Imp                 Summ           #.......     36%         2    ##.....
 Cause Fear               Hex            ##........   43%         4    ####...
 Conjure Flame            Conj/Fire      #.......     61%         3    ###....
 Mephitic Cloud           Conj/Pois/Air  #.......     61%         3    ###....
 Hailstorm                Conj/Ice       #.......     65%         4    ####...
 Summon Ice Beast         Ice/Summ       #.......     65%         4    ####...
 Metabolic Englaciation   Hex/Ice        ##........   71%         5    ######.
 Leda's Liquefaction      Hex/Erth       #.........   75%         4    ####...
 Petrify                  Tmut/Erth      #.......     95%         4    ####...
 Yara's Violent Unravell  Hex/Tmut       #.........   97%         5    ######.
 Irradiate                Conj/Tmut      #.........   100%        5    ######.
 Hydra Form               Tmut           #.........   100%        6    #######
 Statue Form              Tmut/Erth      #........    100%        6    #######
 Dragon Form              Tmut           #.........   100%        7    #######


Dungeon Overview and Level Annotations

Branches:
Dungeon (12/15)            Temple (1/1) D:4            Lair (6/6) D:8
 Shoals (0/4) Lair:4        Snake (0/4) Lair:4        Slime (0/5) Lair:6
    Orc (0/2) D:9          Bailey (visited)           IceCv (visited)

Altars:
Ashenzari
Cheibriados
Dithmenos
Elyvilon
Fedhas
Gozag
Hepliaklqana
Kikubaaqudgha
Makhleb
Nemelex Xobeh
Okawaru
Qazlal
Ru
Sif Muna
Trog
Uskayaw
Vehumet
Wu Jian
Xom
Yredelemnul
Zin
The Shining One

Shops:
D:6 ([   D:9 %}!*(   D:10 [


Innate Abilities, Weirdness & Mutations

You have razor-sharp teeth.
You heal very quickly.
When hurt, damage is shared between your health and your magic reserves.
Your bite disrupts and absorbs the magic of your enemies.
Potions cannot restore your health.
You are immune to rotting.
You are partially covered in rugged brown scales. (AC +1, +3% HP)
You expend magic power (3 MP) to strengthen your wands.


Message History

The dire elephant barely misses you.
The dire elephant trunk-slaps you but does no damage.
You can no longer pass through a line of other dancers.
You hit the dire elephant but do no damage.
You bite the dire elephant, but do no damage.
The dire elephant is severely wounded.
Your hands stop glowing.
You hit the dire elephant.
The dire elephant looks as sick as possible!
You bite the dire elephant. You drain its power.
You feel invigorated.
The dire elephant is severely wounded.
The dire elephant tramples you!!
* * * LOW HITPOINT WARNING * * *
You hold your ground!
The dire elephant barely misses you.
You enter the shallow water.
Moving in this stuff is going to be slow.
The dire elephant closely misses you.
The dire elephant trunk-slaps you but does no damage.
The dire elephant tramples you!!
You die...

##### ###...# ###...... #.....(..
#..#..#.# #########
###############''##'###
...##...###)...##≈≈.##8....#8.8#
...'÷....#=$...'@Y†..'.....#...#
#..#.....#:/...'≈≈≈≈.#8.####.#P#
####.....##[...#≈≈≈≈.####....#+#
...#.....#######P≈≈≈≈#....####
##.###..###8.8###.≈###.####
##P..#####8.⌠.8#####...###♣♣#
.###.................###....♣##
..♣########'''########♣.......♣♣#
......♣..........................


You could see a dire elephant (extremely poisoned).

Vanquished Creatures
  2 dire elephants (Lair:6)
  3 hydras
  An anaconda (Lair:6)
  4 death yaks (Lair:5)
  A catoblepas (Lair:6)
  A death knight (D:12)
  A queen ant (Lair:3)
  4 skeletal warriors
  An orc knight (Bailey)
  A lindwurm (Lair:6)
  An ugly thing (D:10)
  A manticore (D:11)
  2 cyclopes (D:11)
  An oklob plant (Lair:3)
  2 merfolk sirens (Lair:4)
  7 elephants
  An eye of devastation (Lair:6)
  A gargoyle (D:11)
  12 spiny frogs
  2 black mambas (Lair:6)
  2 rime drakes
  5 komodo dragons
  A hornet (D:10)
  2 merfolk (Lair:4)
  4 trolls (D:11)
  Grinder (D:6)
  6 dream sheep (Lair:5)
  17 blink frogs
  8 hippogriffs
  A vampire (D:11)
  Sigmund (D:2)
  Eustachio (D:4)
  4 hogs (D:7)
  A human (D:7)
  8 wyverns
  5 basilisks
  A hog (shapeshifter) (D:11)
  A steam dragon (D:8)
  33 yaks
  2 hungry ghosts
  3 vampire mosquitoes (D:11)
  8 soldier ants
  10 water moccasins
  4 porcupines
  Duvessa (D:5)
  4 sky beasts
  An eye of draining (Lair:6)
  3 orc warriors
  2 black bears
  7 ogres
  2 phantoms
  A necrophage (D:8)
  4 wolves (Lair:5)
  12 centaurs
  14 crocodiles
  2 big kobolds
  Dowan (D:5)
  14 bullfrogs
  8 scorpions
  11 killer bees
  12 wights
  An electric eel (Lair:1)
  3 howler monkeys
  5 crimson imps
  3 jellies
  A quasit (D:11)
  A bullfrog zombie (D:5)
  A centaur zombie (D:8)
  A bullfrog skeleton (D:12)
  2 centaur skeletons
  8 hounds
  A gnoll shaman (D:7)
  3 orc priests (D:8)
  5 orc wizards
  Jessica (D:2)
  3 iguanas
  28 worker ants
  A killer bee zombie (D:9)
  A hound zombie (D:7)
  A hound skeleton (D:11)
  A howler monkey zombie (D:7)
  Robin (D:3)
  A worker ant zombie (D:11)
  25 gnolls
  11 adders
  6 shadow imps
  12 white imps (Lair:1)
  An adder skeleton (D:7)
  3 worms
  A dart slug (D:2)
  7 leopard geckos
  36 orcs
  4 bats
  6 giant cockroaches
  12 hobgoblins
  12 jackals
  25 kobolds
  7 quokkas
  A ball python (D:3)
  4 frilled lizards
  14 goblins
  A jackal zombie (D:6)
  10 rats
  A bush (Lair:3)
  3 plants (Lair:6)
552 creatures vanquished.

Vanquished Creatures (collateral kills)
  A bullfrog skeleton (D:8)
1 creature vanquished.

Vanquished Creatures (others)
  A bullfrog (Lair:4)
1 creature vanquished.

Grand Total: 554 creatures vanquished

Notes
Turn   | Place    | Note
-------+----------+-------------------------------------------
     0 | D:1      | Impeuri the Vine Stalker Assassin began the quest for the
                  | Orb.
     0 | D:1      | Reached XP level 1. HP: 11/11 MP: 2/2
   256 | D:1      | Reached skill level 2 in Short Blades
   256 | D:1      | Reached skill level 5 in Stealth
   260 | D:1      | Reached XP level 2. HP: 15/15 MP: 3/3
  1029 | D:2      | Found a stormy altar of Qazlal.
  1046 | D:2      | Reached XP level 3. HP: 17/18 MP: 4/4
  1419 | D:2      | Noticed Jessica
  1428 | D:2      | Noticed Sigmund
  1430 | D:2      | Killed Jessica
  1430 | D:2      | Reached skill level 1 in Shields
  1430 | D:2      | Gained mutation: Your natural rate of healing is unusually
                  | fast. [Vine Stalker growth]
  1430 | D:2      | Reached XP level 4. HP: 23/23 MP: 5/5
  1442 | D:2      | Killed Sigmund
  1442 | D:2      | Reached skill level 3 in Short Blades
  1442 | D:2      | Reached XP level 5. HP: 26/26 MP: 6/6
  1442 | D:2      | Reached XP level 6. HP: 30/30 MP: 7/7
  1757 | D:2      | Found a shimmering altar of Xom.
  1758 | D:2      | Found a bloodstained altar of Trog.
  1759 | D:2      | Found an opulent altar of Gozag.
  2191 | D:3      | Noticed Robin
  2216 | D:3      | Killed Robin
  2396 | D:3      | Found a shattered altar of Ashenzari.
  2764 | D:4      | Found a staircase to the Ecumenical Temple.
  2806 | Temple   | Entered the Ecumenical Temple
  2956 | Temple   | Became a worshipper of Uskayaw the Reveler
  3078 | D:4      | Reached * piety under Uskayaw
  3124 | D:4      | Reached XP level 7. HP: 34/34 MP: 8/8
  3124 | D:4      | Reached ** piety under Uskayaw
  3315 | D:4      | Reached *** piety under Uskayaw
  3380 | D:4      | Reached skill level 1 in Invocations
  3633 | D:5      | Entered Level 5 of the Dungeon
  3635 | D:5      | Noticed Eustachio
  3737 | D:4      | Killed Eustachio
  3762 | D:4      | Reached skill level 4 in Short Blades
  3888 | D:5      | Found a stormy altar of Qazlal.
  3989 | D:5      | Noticed Dowan
  3991 | D:5      | Noticed Duvessa
  4007 | D:5      | Killed Duvessa
  4007 | D:5      | Gained mutation: You have razor-sharp teeth. [Vine Stalker
                  | growth]
  4007 | D:5      | Reached XP level 8. HP: 31/38 MP: 10/10
  4013 | D:5      | Killed Dowan
  4019 | D:5      | Reached **** piety under Uskayaw
  4061 | D:5      | Gained mutation: You are weak. (Str -2) [potion of
                  | mutation]
  4061 | D:5      | Gained mutation: You occasionally shout uncontrollably at
                  | your foes. [potion of mutation]
  4061 | D:5      | Gained mutation: You are partially covered in slimy green
                  | scales. (AC +2) [potion of mutation]
  4062 | D:5      | Lost mutation: You occasionally shout uncontrollably at
                  | your foes. [potion of mutation]
  4062 | D:5      | Lost mutation: You are weak. (Str -2) [potion of mutation]
  4062 | D:5      | Lost mutation: You are partially covered in slimy green
                  | scales. (AC +2) [potion of mutation]
  4062 | D:5      | Gained mutation: You are frail. (-10% HP) [potion of
                  | mutation]
  4062 | D:5      | Gained mutation: You have a pair of small horns on your
                  | head. [potion of mutation]
  4178 | D:5      | Found an iron altar of Okawaru.
  4902 | D:6      | Found Mule's Armour Emporium.
  4917 | D:6      | Noticed Grinder
  4928 | D:6      | Paralysed by Grinder for 6 turns
  4942 | D:6      | Killed Grinder
  5045 | D:6      | Reached skill level 5 in Short Blades
  5050 | D:6      | Reached skill level 5 in Throwing
  5134 | D:6      | Reached XP level 9. HP: 37/37 MP: 12/12
  5141 | D:6      | Found Yleutweh's Antique Weapon Shoppe.
  5281 | D:6      | Found a shadowy altar of Dithmenos.
  5459 | D:6      | Found a glowing golden altar of the Shining One.
  5815 | D:7      | Lost mutation: You have a pair of small horns on your head.
                  | [potion of mutation]
  5815 | D:7      | Lost mutation: You are frail. (-10% HP) [potion of
                  | mutation]
  5815 | D:7      | Gained mutation: You expend magic power (3 MP) to
                  | strengthen your wands. [potion of mutation]
  5815 | D:7      | Gained mutation: You are partially covered in rugged brown
                  | scales. (AC +1, +3% HP) [potion of mutation]
  5991 | D:7      | Got an encrusted leather armour
  5992 | D:7      | Identified the +2 leather armour of Dramatic Exits {Dex+3
                  | Slay+3} (You found it on level 7 of the Dungeon)
  6054 | D:7      | Reached skill level 6 in Short Blades
  6057 | D:7      | Reached skill level 5 in Invocations
  6059 | D:7      | Reached ***** piety under Uskayaw
  6120 | D:7      | Reached XP level 10. HP: 44/47 MP: 15/15
  6330 | D:7      | Reached skill level 10 in Stealth
  6445 | D:7      | Learned a level 2 spell: Blink
  6449 | D:7      | Learned a level 3 spell: Confusing Touch
  6474 | D:7      | Reached skill level 1 in Dodging
  6953 | D:8      | Found a shimmering blue altar of Sif Muna.
  7200 | D:8      | Found a glowing silver altar of Zin.
  7453 | D:8      | Reached skill level 7 in Short Blades
  7578 | D:8      | Found a staircase to the Lair.
  7887 | D:9      | Found Ogaptuna's Assorted Antiques.
  7902 | D:9      | Found a staircase to the Orcish Mines.
  7946 | D:9      | Found a flagged portal.
  7999 | Bailey   | Entered a bailey
  8081 | Bailey   | Noticed an orc knight
  8096 | Bailey   | Killed an orc knight
  8096 | Bailey   | Reached XP level 11. HP: 54/54 MP: 17/17
  8100 | Bailey   | Found an iron altar of Okawaru.
  8356 | D:9      | Found Niufahoo's Gadget Shop.
  8390 | D:9      | Found Qil Kawk's Food Emporium.
  8681 | D:9      | Found Xys Fete's Distillery.
  8690 | D:9      | Bought a potion of haste for 120 gold pieces
  8780 | D:9      | Found Kepyxax's Antique Weapon Shoppe.
  8889 | D:10     | Entered Level 10 of the Dungeon
  9228 | D:10     | Found Saram's Antique Armour Shop.
  9235 | D:10     | Bought an embroidered cloak for 150 gold pieces
  9565 | D:11     | Noticed a cyclops
  9632 | D:11     | Killed a cyclops
  9638 | D:11     | Reached skill level 8 in Short Blades
  9643 | D:11     | Reached ****** piety under Uskayaw
  9671 | D:11     | Reached skill level 5 in Fighting
  9782 | D:11     | Noticed a skeletal warrior
  9784 | D:11     | Noticed a skeletal warrior
  9800 | D:11     | Noticed a skeletal warrior
  9800 | D:11     | Noticed a skeletal warrior
  9826 | D:11     | Noticed a white ugly thing
  9932 | D:10     | HP: 2/56 [white ugly thing (24)]
  9968 | D:10     | Killed a brown ugly thing
  9968 | D:10     | Reached skill level 1 in Spellcasting
  9968 | D:10     | Reached skill level 1 in Translocations
 10230 | D:10     | Killed a skeletal warrior
 10256 | D:11     | Killed a skeletal warrior
 10256 | D:11     | Gained mutation: You heal very quickly. [Vine Stalker
                  | growth]
 10256 | D:11     | Reached XP level 12. HP: 7/61 MP: 1/19
 10508 | D:10     | Reached skill level 5 in Dodging
 11463 | D:12     | Noticed a four-headed hydra
 11474 | D:12     | Killed a four-headed hydra
 11474 | D:12     | Reached skill level 9 in Short Blades
 11606 | D:12     | Noticed a death knight
 11627 | D:12     | Killed a death knight
 11627 | D:12     | Reached skill level 1 in Hexes
 12158 | Lair:1   | Entered Level 1 of the Lair of Beasts
 12314 | Lair:1   | Found a frozen archway.
 12339 | IceCv    | Entered an ice cave
 12345 | IceCv    | HP: 1/61 [swamp dragon simulacrum (11)]
 12740 | Lair:1   | Noticed a five-headed hydra
 12747 | Lair:1   | Killed a five-headed hydra
 12747 | Lair:1   | Reached XP level 13. HP: 49/64 MP: 21/21
 13075 | Lair:2   | Reached skill level 5 in Translocations
 13076 | Lair:2   | Reached skill level 5 in Spellcasting
 13321 | Lair:2   | Learned a level 3 spell: Ozocubu's Armour
 13407 | Lair:2   | Reached skill level 10 in Short Blades
 13985 | Lair:3   | Reached skill level 11 in Short Blades
 14817 | Lair:4   | Found a staircase to the Shoals.
 14854 | Lair:4   | Found a staircase to the Snake Pit.
 15174 | Lair:5   | Reached skill level 12 in Short Blades
 15202 | Lair:5   | Reached skill level 1 in Charms
 15202 | Lair:5   | Reached skill level 1 in Ice Magic
 15388 | Lair:5   | Reached XP level 14. HP: 48/70 MP: 22/22
 16193 | Lair:6   | Entered Level 6 of the Lair of Beasts
 16395 | Lair:6   | Reached skill level 5 in Charms
 16395 | Lair:6   | Reached skill level 5 in Ice Magic
 16590 | Lair:6   | Found a staircase to the Slime Pits.
 16992 | Lair:6   | Reached skill level 1 in Armour
 16992 | Lair:6   | Reached skill level 1 in Evocations
 17333 | Lair:6   | Noticed a dire elephant
 17333 | Lair:6   | Noticed a dire elephant
 17346 | Lair:6   | Noticed a dire elephant
 17356 | Lair:6   | Killed a dire elephant
 17357 | Lair:6   | Killed a dire elephant
 17387 | Lair:6   | Slain by a dire elephant

Illustrated notes

Levels and vault maps discovered:
D:1:      lightli_arrival_farm, layout_basic, minmay_pentomino_x4
D:2:      layout_loops_corners, overflow_temple_1_default,
          chequers_temple_overflow_statue_of_worship, uniq_jessica, uniq_sigmund
D:3:      layout_loops_ring, cheibrodos_ashenzari_chains, uniq_robin
D:4:      layout_rooms, minmay_temple_entry_glass, first_ration
D:5:      layout_basic, marbit_many_paths, basic_altar, hangedman_decor_push,
          nrook_mini_vaults, uniq_eustachio, uniq_duvessa
D:6:      layout_loops_ring, tso_oasis_becter, serial_shops, shop, shop,
          nicolae_dithmenos_shadow_blocks, uniq_grinder
D:7:      layout_loops_corners, grunt_livestock
D:8:      layout_cave_pools, led_sif_book, erik_lair_dragon, basic_altar
D:9:      layout_loops_ring, david_orc_2, lightli_bailey_entry_fortress,
          serial_shops, shop, shop_coins, shop, shop, shop
D:10:     layout_roguey, serial_shops, nicolae_shop_crystal
D:11:     minmay_chambers_of_sevens, layout_rooms
D:12:     layout_irregular_city, chequers_serial_rivers_room_a,
          minmay_misc_feat_plants
Temple:   minmay_temple_curvy_branch
Lair:1:   layout_hall_layers, portal_ice_cave_entry_imps, fungi_pond_lemuel,
          grunt_megastairs_1
Lair:2:   layout_gridlike, serial_bayou_shore_b, grunt_megastairs_3,
          infiniplex_staircase_pool
Lair:3:   layout_long_grid, minmay_lair_oklob_items,
          chequers_serial_rivers_micro_e, chequers_serial_rivers_small_a,
          minivault_26, zaba_antful_of_joy, infiniplex_staircase_pool_2
Lair:4:   layout_big_grid, elwin_shoals_entry_stream, dummy_snake_entry,
          lemuel_old_faithful
Lair:5:   layout_cave_pods, serial_bayou_shore_b
Lair:6:   due_jungle_book, layout_regular_city, minmay_slime_entry_eyes,
          serial_bayou_shore_a, grunt_megastairs_5

Skill      XL: |  1  2  3  4  5  6  7  8  9 10 11 12 13 14 |
---------------+-------------------------------------------+-----
Short Blades   | 2 3 4 5 6 7 8 9 12 | 12.0
Throwing       | 2 3 4 5 6 7 8 |  8.2
Stealth        | 5 6 7 8 9 10 | 10.4
Shields        | 1 2 3 4 |  4.0
Invocations    | 2 3 5 6 8 9 |  9.7
Dodging        | 3 4 6 |  6.5
Fighting       | 3 5 |  5.5
Spellcasting   | 2 4 5 |  5.0
Translocations | 2 4 5 |  5.1
Hexes          | 3 4 |  4.1
Charms         | 3 5 |  5.2
Ice Magic      | 3 5 |  5.2
Armour         | 1 |  1.6
Evocations     | 1 |  1.6

Action                   |  1- 3 |  4- 6 |  7- 9 | 10-12 | 13-15 || total
-------------------------+-------+-------+-------+-------+-------++-------
Melee: Dagger            |    70 |   146 |   274 |       |       ||   490
       Bite              |    13 |    38 |    93 |   298 |   257 ||   699
       Headbutt          |       |       |    28 |       |       ||    28
       Short sword       |       |       |    40 |   677 |   567 ||  1284
Throw: Dart              |     1 |    26 |    70 |    71 |       ||   168
       Throwing net      |       |       |       |     1 |       ||     1
 Cast: Blink             |       |       |       |     1 |       ||     1
       Ozocubu's Armour  |       |       |       |       |     1 ||     1
       Confusing Touch   |       |       |       |       |     1 ||     1
Invok: Line Pass         |       |       |     1 |     8 |       ||     9
       Stomp             |       |       |       |     2 |     1 ||     3
Evoke: Wand              |       |       |     1 |     6 |       ||     7
  Use: Scroll            |       |       |     9 |    14 |    10 ||    33
       Potion            |       |       |     4 |    14 |       ||    18
 Stab: Sleeping          |    12 |     9 |    15 |    31 |    17 ||    84
       Distracted        |       |     1 |     1 |     3 |       ||     5
       Invisible         |       |       |     3 |     1 |       ||     4
       Paralysed         |       |       |     7 |    33 |    43 ||    83
       Confused          |       |       |       |     2 |       ||     2
       Held in net/web   |       |       |       |     2 |       ||     2
  Eat: Chunk             |     2 |     5 |    10 |    18 |    15 ||    50
       Ration            |       |       |       |     2 |       ||     2
Armor: Robe              |    12 |    25 |    44 |       |       ||    81
       Leather armour    |       |       |     4 |    95 |    67 ||   166
Dodge: Dodged            |    26 |    54 |   155 |   350 |   282 ||   867
Block: Buckler           |     5 |    43 |    84 |   248 |   140 ||   520
